MID
AUGUSTA GREENJACKETS @ GREENSBORO GRASSHOPPERS
09/23/2049
 
TOP OF THE 1ST
Augusta GreenJackets batting - Pitching for Greensboro Grasshoppers : LHP Byron Copeland
Pitching: LHP Byron Copeland
Now at 2B: Dennis Coppolino
Now at SS: J.D. Vander Klok
Now in LF: Alberto Bravo
Now in CF: Tom Thompson
Batting: RHB Leon Alders 0-0: Called Strike
0-1: Ball
1-1: Foul Ball, location: 2F
1-2: SINGLE (Groundball, 6D, EV 110.0 MPH)
Batting: RHB Armando Ramirez 0-0: Foul Ball, location: 2F
0-1: Fielders Choice at 2nd, 4-6 (Groundball, 34, EV 90.0 MPH)
Batting: RHB Frank Pena 0-0: Ball
1-0: Ball
2-0: Ball
3-0: Called Strike
3-1: Foul Ball, location: 2F
3-2: Ground out 4-3 (Groundball, 34, EV 91.2 MPH)
Armando Ramirez to second
Batting: RHB Antonio Lara 0-0: Called Strike
0-1: Foul Ball, location: 2F
0-2: Foul Ball, location: 2F
0-2: Ball
Passed Ball!
Armando Ramirez to third
1-2: Ball
2-2: Ground out 5-3 (Groundball, 56, EV 106.9 MPH)
Top of the 1st over - 0 runs, 1 hit, 0 errors, 1 left on base; Augusta 0 - Greensboro 0
BOTTOM OF THE 1ST
Greensboro Grasshoppers batting - Pitching for Augusta GreenJackets : RHP Sergio Silva
Pitching: RHP Sergio Silva
Batting: RHB Tom Thompson 0-0: Called Strike
0-1: Ball
1-1: Fly out, F7 (Flyball, 78S, EV 96.9 MPH)
Batting: RHB Hikaru Nakata 0-0: Foul Ball, location: 2F
0-1: Ball
1-1: Ball
2-1: Foul Ball, location: 2F
2-2: Ground out 5-3 (Groundball, 56S, EV 86.2 MPH)
Batting: RHB Miguel Velasco 0-0: Ball
1-0: Foul Ball, location: 2F
1-1: Ball
2-1: Swinging Strike
2-2: Ball
3-2: Base on Balls
Batting: LHB Justin Blakely 0-0: Ball
1-0: Ground out 4-3 (Groundball, 4, EV 77.5 MPH)
Bottom of the 1st over - 0 runs, 0 hits, 0 errors, 1 left on base; Augusta 0 - Greensboro 0
TOP OF THE 2ND
Augusta GreenJackets batting - Pitching for Greensboro Grasshoppers : LHP Byron Copeland
Batting: LHB Oscar Tamayo 0-0: Foul Ball, location: 2F
0-1: Ball
1-1: Ground out 4-3 (Groundball, 34D, EV 103.8 MPH)
Batting: RHB Aaron Burress 0-0: Called Strike
0-1: Foul Ball, location: 2F
0-2: Ball
1-2: Foul Ball, location: 2F
1-2: Ground out 4-3 (Groundball, 4, EV 80.0 MPH)
Batting: LHB Bruce Arvizu 0-0: Ball
1-0: Called Strike
1-1: Called Strike
1-2: Foul Ball, location: 2F
1-2: Foul Ball, location: 2F
1-2: Ball
2-2: Ground out 4-3 (Groundball, 4, EV 104.4 MPH)
Top of the 2nd over - 0 runs, 0 hits, 0 errors, 0 left on base; Augusta 0 - Greensboro 0
BOTTOM OF THE 2ND
Greensboro Grasshoppers batting - Pitching for Augusta GreenJackets : RHP Sergio Silva
Batting: RHB Alberto Bravo 0-0: Ball
1-0: Called Strike
1-1: Foul Ball, location: 2F
1-2: Ground out U3 (Groundball, 23, EV 86.2 MPH)
Batting: LHB Ryan Thompson 0-0: Called Strike
0-1: Swinging Strike
0-2: Strikes out swinging
Batting: RHB J.D. Vander Klok 0-0: DOUBLE (Line Drive, 7LM, EV 100.0 MPH)
Batting: RHB Nick Dunton 0-0: Ball
1-0: Ball
2-0: Ball
3-0: Called Strike
3-1: SINGLE (Groundball, 56S, EV 64.4 MPH) (infield hit)
J.D. Vander Klok to third
Batting: RHB Dennis Coppolino 0-0: Called Strike
0-1: Called Strike
Nick Dunton is caught stealing 2nd base 2-4
Bottom of the 2nd over - 0 runs, 2 hits, 0 errors, 1 left on base; Augusta 0 - Greensboro 0
TOP OF THE 3RD
Augusta GreenJackets batting - Pitching for Greensboro Grasshoppers : LHP Byron Copeland
Batting: RHB Jordan Wallace 0-0: Called Strike
0-1: Ball
1-1: Swinging Strike
1-2: Foul Ball, location: 2F
1-2: Foul Ball, location: 2F
1-2: Ball
2-2: Ground out 1-3 (Groundball, P, EV 68.1 MPH)
Batting: RHB Gary Sampson 0-0: Swinging Strike
0-1: Ball
1-1: Swinging Strike
1-2: Foul Ball, location: 2F
1-2: Strikes out swinging
Batting: RHB Leon Alders 0-0: Ball
1-0: Swinging Strike
1-1: Ball
2-1: Ball
3-1: Base on Balls
Batting: RHB Armando Ramirez 0-0: Swinging Strike
0-1: Ball
1-1: Ground out 5-3 (Groundball, 56S, EV 83.1 MPH)
Top of the 3rd over - 0 runs, 0 hits, 0 errors, 1 left on base; Augusta 0 - Greensboro 0
BOTTOM OF THE 3RD
Greensboro Grasshoppers batting - Pitching for Augusta GreenJackets : RHP Sergio Silva
Batting: RHB Dennis Coppolino 0-0: Ball
1-0: Foul Ball, location: 2F
1-1: Ball
2-1: Swinging Strike
2-2: Ball
3-2: Strikes out looking
Batting: RHB Tom Thompson 0-0: Called Strike
0-1: DOUBLE (Line Drive, 78XD, EV 110.0 MPH)
Batting: RHB Hikaru Nakata 0-0: Called Strike
0-1: Ball
1-1: Ball
2-1: Ball
3-1: Base on Balls
Batting: RHB Miguel Velasco 0-0: Ball
1-0: Ball
Wild Pitch!
Tom Thompson to third
Hikaru Nakata to second
2-0: Called Strike
2-1: Ball
3-1: Base on Balls
Batting: LHB Justin Blakely 0-0: Ball
1-0: Ball
2-0: Called Strike
2-1: Ball
3-1: Fly out, F7 (Line Drive, 7, EV 90.6 MPH)
Batting: RHB Alberto Bravo 0-0: Ball
1-0: Ball
2-0: Fly out, F8 (Flyball, 8LD, EV 102.5 MPH)
Bottom of the 3rd over - 0 runs, 1 hit, 0 errors, 3 left on base; Augusta 0 - Greensboro 0
TOP OF THE 4TH
Augusta GreenJackets batting - Pitching for Greensboro Grasshoppers : LHP Byron Copeland
Batting: RHB Frank Pena 0-0: Ball
1-0: Ground out 6-3 (Groundball, 6, EV 90.6 MPH)
Batting: RHB Antonio Lara 0-0: Called Strike
0-1: Ball
1-1: Foul Ball, location: 2F
1-2: Foul Ball, location: 2F
1-2: Strikes out swinging
Batting: LHB Oscar Tamayo 0-0: Ball
1-0: Called Strike
1-1: Ball
2-1: Ground out 1-3 (Groundball, 34S, EV 74.4 MPH)
Top of the 4th over - 0 runs, 0 hits, 0 errors, 0 left on base; Augusta 0 - Greensboro 0
BOTTOM OF THE 4TH
Greensboro Grasshoppers batting - Pitching for Augusta GreenJackets : RHP Sergio Silva
Batting: LHB Ryan Thompson 0-0: Ball
1-0: Ball
2-0: Called Strike
2-1: Foul Ball, location: 2F
2-2: Fly out, F7 (Flyball, 78M, EV 92.5 MPH)
Batting: RHB J.D. Vander Klok 0-0: Fly out, F7 (Flyball, 78S, EV 94.4 MPH)
Batting: RHB Nick Dunton 0-0: Ball
1-0: Foul Ball, location: 2F
1-1: Ball
2-1: Foul Ball, location: 2F
2-2: Ground out 4-3 (Groundball, 4M, EV 80.0 MPH)
Bottom of the 4th over - 0 runs, 0 hits, 0 errors, 0 left on base; Augusta 0 - Greensboro 0
TOP OF THE 5TH
Augusta GreenJackets batting - Pitching for Greensboro Grasshoppers : LHP Byron Copeland
Batting: RHB Aaron Burress 0-0: Foul Ball, location: 2F
0-1: Ground out 6-3 (Groundball, 6, EV 78.1 MPH)
Batting: LHB Bruce Arvizu 0-0: Swinging Strike
0-1: Ball
1-1: Ball
2-1: Ball
3-1: Foul Ball, location: 2F
3-2: Foul Ball, location: 2F
3-2: Ground out 1-3 (Groundball, 13S, EV 65.6 MPH)
Batting: RHB Jordan Wallace 0-0: Called Strike
0-1: Called Strike
0-2: Ball
1-2: Fly out, F7 (Flyball, 78S, EV 91.9 MPH)
Top of the 5th over - 0 runs, 0 hits, 0 errors, 0 left on base; Augusta 0 - Greensboro 0
BOTTOM OF THE 5TH
Greensboro Grasshoppers batting - Pitching for Augusta GreenJackets : RHP Sergio Silva
Batting: RHB Dennis Coppolino 0-0: Ball
1-0: SINGLE (Line Drive, 4MD, EV 99.4 MPH)
Batting: RHB Tom Thompson 0-0: Ball
1-0: Foul Ball, location: 2F
1-1: Ball
2-1: Swinging Strike
2-2: Strikes out looking
Batting: RHB Hikaru Nakata 0-0: Ball
Balk!
Dennis Coppolino to second
1-0: Called Strike
1-1: Ball
Wild Pitch!
Dennis Coppolino to third
2-1: Ball
3-1: Swinging Strike
3-2: Strikes out swinging
Batting: RHB Miguel Velasco 0-0: Foul Ball, location: 2F
0-1: Ball
1-1: Ball
2-1: Called Strike
2-2: Fly out, F7 (Flyball, 78M, EV 81.9 MPH)
Bottom of the 5th over - 0 runs, 1 hit, 0 errors, 1 left on base; Augusta 0 - Greensboro 0
TOP OF THE 6TH
Augusta GreenJackets batting - Pitching for Greensboro Grasshoppers : LHP Byron Copeland
Batting: RHB Gary Sampson 0-0: Ball
1-0: Ground out 3-1 (Groundball, 34, EV 80.6 MPH)
Batting: RHB Leon Alders 0-0: Called Strike
0-1: Ball
1-1: Called Strike
1-2: Ball
2-2: Ground out 4-3 (Groundball, 4, EV 95.0 MPH)
Batting: RHB Armando Ramirez 0-0: Foul Ball, location: 2F
0-1: Ball
1-1: Ground out 5-3 (Groundball, 56, EV 105.0 MPH)
Top of the 6th over - 0 runs, 0 hits, 0 errors, 0 left on base; Augusta 0 - Greensboro 0
BOTTOM OF THE 6TH
Greensboro Grasshoppers batting - Pitching for Augusta GreenJackets : RHP Sergio Silva
Pitching: RHP Adam Browne
Batting: LHB Justin Blakely 0-0: Ground out 4-3 (Groundball, 34, EV 92.5 MPH)
Batting: RHB Alberto Bravo 0-0: Called Strike
0-1: Ball
1-1: Ground out 5-3 (Groundball, 5S, EV 91.9 MPH)
Batting: LHB Ryan Thompson 0-0: Ball
1-0: Hit by Pitch
Batting: RHB J.D. Vander Klok 0-0: Ball
1-0: Ball
2-0: Swinging Strike
2-1: Foul Ball, location: 2F
2-2: Ball
3-2: Fly out, F9 (Flyball, 9, EV 96.2 MPH)
Bottom of the 6th over - 0 runs, 0 hits, 0 errors, 1 left on base; Augusta 0 - Greensboro 0
TOP OF THE 7TH
Augusta GreenJackets batting - Pitching for Greensboro Grasshoppers : LHP Byron Copeland
Pitching: RHP Jesus Gomez
Batting: RHB Frank Pena 0-0: Called Strike
0-1: Swinging Strike
0-2: Ball
1-2: Foul Ball, location: 2F
1-2: Strikes out swinging
Batting: RHB Antonio Lara 0-0: Called Strike
0-1: Ball
1-1: Called Strike
1-2: Ball
2-2: Strikes out swinging
Batting: LHB Oscar Tamayo 0-0: Ball
1-0: Ball
2-0: Ball
3-0: Base on Balls
Batting: RHB Aaron Burress 0-0: Called Strike
0-1: Called Strike
0-2: Strikes out swinging
Top of the 7th over - 0 runs, 0 hits, 0 errors, 1 left on base; Augusta 0 - Greensboro 0
BOTTOM OF THE 7TH
Greensboro Grasshoppers batting - Pitching for Augusta GreenJackets : RHP Adam Browne
Batting: RHB Nick Dunton 0-0: Called Strike
0-1: Foul Ball, location: 2F
0-2: Foul Ball, location: 2F
0-2: Ball
1-2: Ball
2-2: Strikes out swinging, 2-3 out at first.
Batting: RHB Dennis Coppolino 0-0: Swinging Strike
0-1: Ball
1-1: Called Strike
1-2: Ball
2-2: Strikes out swinging
Batting: RHB Tom Thompson 0-0: Ball
1-0: Called Strike
1-1: Fly out, F7 (Flyball, 7S, EV 93.1 MPH)
Bottom of the 7th over - 0 runs, 0 hits, 0 errors, 0 left on base; Augusta 0 - Greensboro 0
TOP OF THE 8TH
Augusta GreenJackets batting - Pitching for Greensboro Grasshoppers : RHP Jesus Gomez
Pitching: RHP Bill Padgett
Batting: LHB Bruce Arvizu 0-0: Called Strike
0-1: Ball
1-1: Ball
2-1: Called Strike
2-2: Foul Ball, location: 2F
2-2: Foul Ball, location: 2F
2-2: Strikes out swinging
Pinch Hitting: LHB Sam Ogg 0-0: Foul Ball, location: 2F
0-1: SOLO HOME RUN (Flyball, 9D, EV 99.4 MPH), Distance : 395 ft
Batting: RHB Gary Sampson 0-0: Ground out 6-3 (Groundball, 6, EV 81.2 MPH)
Batting: RHB Leon Alders 0-0: Ball
1-0: Ball
2-0: Called Strike
2-1: DOUBLE (Line Drive, 5D, EV 95.6 MPH)
Batting: RHB Armando Ramirez 0-0: DOUBLE (Line Drive, 78XD, EV 107.5 MPH)
Leon Alders scores
Batting: RHB Frank Pena 0-0: Ball
1-0: Called Strike
1-1: Ball
2-1: Hit by Pitch
Batting: RHB Antonio Lara 0-0: Swinging Strike
0-1: Ball
1-1: Ball
2-1: Ground out 6-3 (Groundball, 6MS, EV 88.8 MPH)
Top of the 8th over - 2 runs, 3 hits, 0 errors, 2 left on base; Augusta 2 - Greensboro 0
BOTTOM OF THE 8TH
Greensboro Grasshoppers batting - Pitching for Augusta GreenJackets : RHP Adam Browne
Now in LF: Jake Shelton
Batting: RHB Hikaru Nakata 0-0: Called Strike
0-1: Ground out 6-3 (Groundball, 6, EV 85.6 MPH)
Batting: RHB Miguel Velasco 0-0: Ball
1-0: Ball
2-0: Ball
3-0: Called Strike
3-1: Foul Ball, location: 2F
3-2: Foul Ball, location: 2F
3-2: Foul Ball, location: 2F
3-2: Strikes out swinging
Batting: LHB Justin Blakely 0-0: Ball
1-0: Ball
2-0: Foul Ball, location: 2F
2-1: Foul Ball, location: 2F
2-2: Strikes out swinging
Bottom of the 8th over - 0 runs, 0 hits, 0 errors, 0 left on base; Augusta 2 - Greensboro 0
TOP OF THE 9TH
Augusta GreenJackets batting - Pitching for Greensboro Grasshoppers : RHP Bill Padgett
Pitching: RHP Matt Alexander
Batting: LHB Oscar Tamayo 0-0: Called Strike
0-1: Fly out, F7 (Flyball, 7, EV 86.2 MPH)
Batting: RHB Aaron Burress 0-0: Ball
1-0: Foul Ball, location: 2F
1-1: SINGLE (Groundball, 6S, EV 98.1 MPH)
Batting: LHB Bruce Arvizu 0-0: Foul Ball, location: 2F
0-1: Ball
Aaron Burress steals 2nd base
1-1: Intentional Walk
Batting: RHB Jake Shelton 0-0: Called Strike
0-1: Ball
1-1: Ball
2-1: Ball
3-1: Base on Balls
Aaron Burress to third
Bruce Arvizu to second
Pinch Hitting: LHB Ho-win Zhou 0-0: Called Strike
0-1: SINGLE (Line Drive, 34, EV 106.9 MPH)
Aaron Burress scores
Bruce Arvizu to third
Jake Shelton to second
Batting: RHB Leon Alders 0-0: Swinging Strike
0-1: Ball
1-1: Called Strike
1-2: Grounds into fielders choice 1-2 (Groundball, 15S, EV 68.8 MPH)
Jake Shelton to third
Ho-win Zhou to second
Batting: RHB Armando Ramirez 0-0: Called Strike
0-1: Called Strike
0-2: SINGLE (Groundball, 15S, EV 61.9 MPH) (infield hit)
Jake Shelton scores
Ho-win Zhou to third
Leon Alders to second
Batting: RHB Frank Pena 0-0: Ball
1-0: Ground out 5-3 (Groundball, 56, EV 99.4 MPH)
Top of the 9th over - 2 runs, 3 hits, 0 errors, 3 left on base; Augusta 4 - Greensboro 0
BOTTOM OF THE 9TH
Greensboro Grasshoppers batting - Pitching for Augusta GreenJackets : RHP Adam Browne
Pitching: LHP Christian Rogers
Now at 2B: Allen Gravel
Batting: RHB Alberto Bravo 0-0: Ball
1-0: Foul Ball, location: 2F
1-1: Ball
2-1: Fly out, F9 (Line Drive, 9S, EV 90.0 MPH)
Batting: LHB Ryan Thompson 0-0: Ball
1-0: Foul Ball, location: 2F
1-1: Ball
2-1: Ball
3-1: Swinging Strike
3-2: Ground out 4-3 (Groundball, 4, EV 110.6 MPH)
Batting: RHB J.D. Vander Klok 0-0: Called Strike
0-1: Ball
1-1: Ball
2-1: Ball
3-1: Base on Balls
Batting: RHB Nick Dunton 0-0: Called Strike
0-1: Called Strike
0-2: Ball
1-2: Ground out 5-3 (Groundball, 5S, EV 81.2 MPH)
Bottom of the 9th over - 0 runs, 0 hits, 0 errors, 1 left on base; Augusta 4 - Greensboro 0
Sunday, July 16th , 2023 - OOTP Baseball 24.6 Build 69